 Dungeon Crawl Stone Soup version 0.29-a0-375-g5102b3be25 (webtiles) character file.

Game seed: 14718091362999536163

17 lesaewzxc the Stinger (level 2, -2/19 HPs)
             Began as a Merfolk Venom Mage on May 3, 2022.
             Was a Follower of Nemelex Xobeh.
             Frozen to death by an endoplasm (5 damage)
             ... on level 1 of the Dungeon.
             The game lasted 00:06:30 (535 turns).

lesaewzxc the Stinger (Merfolk Venom Mage)           Turns: 535, Time: 00:06:31

Health: -2/19      AC:  2    Str:  8    XL:     2   Next: 62%
Magic:  0/5        EV: 13    Int: 14    God:    Nemelex Xobeh [*.....]
Gold:   29         SH:  0    Dex: 14    Spells: 2/5 levels left

rFire   . . .      SeeInvis .   (no weapon)
rCold   . . .      Faith    .   (no shield)
rNeg    . . .      Spirit   .   d - +0 robe
rPois   .          Reflect  .   (no helmet)
rElec   .          Harm     .   (no cloak)
rCorr   .          Rampage  .   (no gloves)
Will    .....                   (no boots)
Stlth   ++........              (no amulet)
HPRegen 0.06/turn               (no ring)
MPRegen 0.09/turn               (no ring)

@: no status effects
A: (nimble swimmer 2), mertail
a: Renounce Religion, Draw Escape, Draw Destruction, Draw Summoning


You were on level 1 of the Dungeon.
You worshipped Nemelex Xobeh.
Nemelex Xobeh was aware of your devotion.
You visited 1 branch of the dungeon, and saw 1 of its levels.

You collected 29 gold pieces.

Inventory:

Armour
 a - a +0 robe
 d - a +0 robe (worn)
Potions
 b - a potion of magic
 c - a potion of lignification {unknown}


   Skills:
 + Level 3.0 Dodging
 + Level 2.5 Stealth
 + Level 2.2 Spellcasting
 + Level 1.9 Transmutations
 + Level 3.5 Poison Magic


You had 2 spell levels left.
You knew the following spells:

 Your Spells              Type           Power      Damage    Failure   Level
a - Sting                 Tmut/Pois      36%        1d4       8%          1
b - Poisonous Vapours     Pois/Air       12%        N/A       17%         2

Your spell library contained the following spells:

 Spells                   Type           Power      Damage    Failure   Level
 Mephitic Cloud           Conj/Pois/Air  4%         N/A       41%         3
 Olgreb's Toxic Radiance  Pois           11%        N/A       50%         4


Dungeon Overview and Level Annotations

Branches:
Dungeon (1/15)

Altars:
Nemelex Xobeh


Innate Abilities, Weirdness & Mutations

((You are very nimble when in or above water. (Stealth+, EV+, Speed+++)))
Your lower body shifts to a powerful aquatic tail in water.


Message History

Aiming: Sting (safe; 8% risk of failure)
Press: ? - help, Q - select action, (/) - cycle Shift-Dir - straight line, f - kobold, p - kobold
Aim: a kobold, wielding a +0 whip (moderately wounded, 60% to hit)
The sting misses the kobold.
The sting hits the kobold.
The kobold is poisoned.
The kobold is severely wounded.
The kobold hits you with a +0 club.
Aiming: Sting (safe; 8% risk of failure)
Press: ? - help, Q - select action, (/) - cycle Shift-Dir - straight line, f/p - kobold
Aim: a kobold, wielding a +0 whip (severely wounded, poisoned, 60% to hit)
The sting hits the kobold.
The kobold looks even sicker.
You kill the kobold!
You kill the kobold!
Aiming: Sting (safe; 8% risk of failure)
Press: ? - help, Q - select action, (/) - cycle Shift-Dir - straight line, f - endoplasm
Aim: an endoplasm (97% to hit)
The sting hits the endoplasm.
The endoplasm partially resists.
The endoplasm is heavily wounded.
Aiming: Sting (safe; 8% risk of failure)
Press: ? - help, Q - select action, (/) - cycle Shift-Dir - straight line, f/p - endoplasm
Aim: an endoplasm (heavily wounded, 97% to hit)
The sting hits the endoplasm.
The endoplasm partially resists.
The endoplasm is severely wounded.
The endoplasm hits you but does no damage.
You don't have enough magic to cast this spell.
Unknown command.
Unknown command.
You don't have enough magic to cast this spell.
You don't have enough magic to cast this spell.
You barely miss the endoplasm.
The endoplasm is severely wounded.
The endoplasm freezes you.
You are frozen.
* * * LOW HITPOINT WARNING * * *
The endoplasm attacks as you move away! The endoplasm closely misses you.
You hit the endoplasm but do no damage.
The endoplasm is severely wounded.
The endoplasm freezes you.
You are frozen.
You die...
Your body disappears without a glow.

.................(.#
..(.......####'#..........
..........## #.# .........
# ...........# #.#
........ # ...........#
#.# ....... # ...........#
#.# ....... ...........#
#.# .....# #..♣♣♣.....#
#.####.....# ..♣♣_♣♣....#
#..@J))....#
.♣♣P..♣♣...########.....#
♣♣PP.♣P♣♣.........#.....#
♣PP..P.♣♣♣........#.....#
...P..P.♣♣........#.....#
P###'###♣♣........#J....#
♣#.....#♣♣.########.....#
K#..8..#÷♣.# .....#
♣#.....#♣♣.#


You could see an endoplasm.

Vanquished Creatures
  2 dart slugs (D:1)
  2 endoplasms (D:1)
  2 goblins (D:1)
  A hobgoblin (D:1)
  A frilled lizard (D:1)
  2 kobolds (D:1)
  4 rats (D:1)
14 creatures vanquished.

Vanquished Creatures (others)
  2 plants (D:1)
2 creatures vanquished.

Grand Total: 16 creatures vanquished

Notes
Turn   | Place    | Note
-------+----------+-------------------------------------------
     0 | D:1      | lesaewzxc the Merfolk Venom Mage began the quest for the
                  | Orb.
     0 | D:1      | Reached XP level 1. HP: 13/13 MP: 3/3
   188 | D:1      | Reached XP level 2. HP: 19/19 MP: 1/5
   409 | D:1      | Found a faded altar of an unknown god.
   420 | D:1      | Prayed at the altar of an unknown god.
   420 | D:1      | Became a worshipper of Nemelex Xobeh the Trickster
   420 | D:1      | Reached * piety under Nemelex Xobeh
   461 | D:1      | Learned a level 2 spell: Poisonous Vapours
   535 | D:1      | Frozen to death by an endoplasm

Illustrated notes

Levels and vault maps discovered:
D:1:      nagdon_arrival_zigzag_paths, layout_basic,
          dilly_ecumenical_altar_fadedgnrine, moated_statue,
          amcnicky_mini_corridor_feature

Skill      XL: |  1  2 |
---------------+-------+-----
Dodging        | 3 |  3.0
Stealth        | |  2.5
Spellcasting   | |  2.2
Transmutations | |  1.9
Poison Magic   | |  3.5

Action                   || total
-------------------------++-------
Melee: Unarmed           ||    10
       Punch             ||     1
 Cast: Sting             ||    23
Armor: Robe              ||     1
Dodge: Dodged            ||     2

Table legend: (Time is in decaauts)
 A = Elapsed time spent in this place.
 B = Non-inter-level travel time spent in this place.
 C = Inter-level travel time spent in this place.
 D = Time resting spent in this place.
 E = Time spent auto-exploring this place.
 F = Levels seen in this place.
 G = Mean time per level.
                   A        B        C        D        E       F      G
               +--------+--------+--------+--------+--------+-----+--------+
         Total |    535 |    535 |      0 |      0 |     38 |   1 |  535.0 |
       Dungeon |    535 |    535 |      0 |      0 |     38 |   1 |  535.0 |
               +--------+--------+--------+--------+--------+-----+--------+

Top non-repeatable levels by time:
     D:1: 535 daAuts
